Map: 破晓黎明 - 天梯版

Players

lostCrab

  • Race: Zerg Zerg
  • Spawn Location: 7:00

电脑难度(困难)

  • Race: Protoss Protoss
  • Spawn Location: 1:00

VOD

Have the link to the VOD?

Description

Time

  • Played on: Jan. 20, 2018, 10:17 a.m.
  • Length: 27:13
Show
View Real Time Build Order
Export as new Build Order

lostCrab Zerg 

Build Orders: Hatch First, Lurkers 

Get SALT Encoding   

    3:13  Hive  
    4:06  Overlord  
    4:12  Drone x12  
    4:26  Drone  
  13  4:38  Overlord  
  14  4:45  Drone  
  14  4:56  Drone x2  
  16  5:05  Drone  
  17  5:22  Hatchery, Drone  
  17  5:25  Drone  
  18  5:36  Extractor  
  18  5:42  Spawning Pool  
  16  5:44  Drone  
  16  5:47  Drone  
  18  5:55  Drone  
  19  6:04  Drone  
  20  6:15  Drone  
  21  6:28  Zergling x2  
  22  6:36  Queen x2  
  22  6:38  Drone x2  
  28  6:55  Overlord x2  
  28  7:09  Metabolic Boost  
  28  7:15  Queen  
  28  7:16  Queen  
  28  7:22  Drone x5  
  37  7:23  Drone  
  38  7:40  Overlord  
  38  7:41  Overlord  
  38  7:49  Evolution Chamber  
  37  7:54  Lair  
  37  7:56  Drone  
  37  7:57  Drone x5  
  43  7:59  Overlord  
  43  8:09  Roach Warren  
  42  8:22  Extractor  
  42  8:23  Extractor  
  42  8:26  Drone x2  
  43  8:27  Drone, Extractor  
  42  8:35  Zerg Missile Weapons Level 1  
  42  8:50  Drone x3  
  42  8:51  Drone x5  
  42  8:53  Hatchery  
  49  9:06  Roach x2  
  49  9:07  Roach x3  
  59  9:32  Hydralisk Den  
  59  9:35  Drone x3  
  59  9:36  Drone x2  
  59  9:37  Evolution Chamber  
  59  9:38  Overlord x3  
  62  9:58  Drone x2  
  62  9:59  Drone x4  
  68  10:16  Drone x5  
  68  10:17  Drone  
  74  10:32  Lurker Den, Overlord  
  74  10:35  Hydralisk x2  
  73  10:36  Hydralisk x5  
  73  10:40  Zerg Ground Armor Level 1, Zerg Missile Weapons Level 2  
  87  11:00  Drone x2  
  87  11:01  Drone x2  
  91  11:06  Overlord x2  
  91  11:07  Overlord x2  
  91  11:18  Hatchery, Spine Crawler  
  89  11:22  Spore Crawler  
  88  11:29  Infestation Pit  
  87  11:51  Drone x2, Extractor x2  
  87  11:52  Drone x3  
  90  11:55  Roach  
  90  11:56  Roach x12  
  90  12:00  Glial Reconstitution  
  116  12:10  Hatchery  
  115  12:22  Spore Crawler  
  114  12:28  Hive  
  114  12:30  Lurker x3  
  114  12:31  Lurker x4  
  121  12:38  Overlord x2  
  121  12:39  Zergling x2  
  121  12:40  Zergling x24  
  134  12:45  Zerg Ground Armor Level 2  
  133  13:00  Drone x2  
  133  13:01  Drone x8  
  143  13:06  Overlord x2  
  143  13:07  Overlord  
  143  13:30  Extractor  
  143  13:33  Extractor  
  141  13:38  Drone x3  
  141  13:39  Spine Crawler x2  
  141  13:40  Spine Crawler  
  141  13:44  Zerg Missile Weapons Level 3  
  141  14:07  Pneumatized Carapace  
  141  14:12  Viper x4  
  141  14:13  Viper  
  156  14:23  Evolution Chamber  
  156  14:24  Evolution Chamber, Overlord x3  
  155  14:26  Spire  
  153  14:40  Drone x5  
  153  14:41  Drone x5  
  153  14:42  Hatchery  
  162  14:50  Hatchery  
  161  14:58  Adaptive Talons  
  161  15:45  Zerg Ground Armor Level 3  
  161  16:01  Drone  
  161  16:02  Drone x5  
  167  16:04  Queen  
  169  16:41  Overseer x3  
  169  17:44  Drone  
  169  17:45  Drone x13  
  198  20:56  Hydralisk  
  198  20:57  Hydralisk x9  
  198  22:08  Terran Ship Armor Level 3, Zerg Melee Weapons Level 3, Terran Vehicle Armor Level 3, Terran Infantry Weapons Level 3, Zerg Ground Armor Level 3, Zerg Flyer Weapons Level 3, Protoss Ground Weapons Level 3, Terran Vehicle Weapons Level 3, Terran Ship Weapons Level 3, Protoss Air Weapons Level 3, Protoss Air Armor Level 3, Protoss Ground Armor Level 3, Zerg Missile Weapons Level 3, Zerg Flyer Armor Level 3, Terran Infantry Armor Level 3, Protoss Shields Level 3  
  198  22:29  Protoss Ground Armor Level 2, Terran Infantry Armor Level 2, Zerg Missile Weapons Level 2, Zerg Flyer Weapons Level 2, Terran Vehicle Weapons Level 2, Terran Ship Weapons Level 2, Terran Vehicle Armor Level 2, Protoss Shields Level 2, Terran Infantry Weapons Level 2, Protoss Ground Weapons Level 2, Terran Ship Armor Level 2, Zerg Melee Weapons Level 2, Zerg Flyer Armor Level 2, Protoss Air Armor Level 2, Zerg Ground Armor Level 2, Protoss Air Weapons Level 2  
  198  22:44  Stimpack, Blink  
  198  22:51  Zerg Flyer Armor Level 1, Protoss Ground Armor Level 1, Zerg Missile Weapons Level 1, Protoss Air Weapons Level 1, Protoss Shields Level 1, Zerg Ground Armor Level 1, Terran Infantry Armor Level 1, Terran Infantry Weapons Level 1, Terran Ship Weapons Level 1, Zerg Melee Weapons Level 1, Zerg Flyer Weapons Level 1, Warp Gate, Terran Vehicle Armor Level 1, Protoss Ground Weapons Level 1, Terran Vehicle Weapons Level 1, Terran Ship Armor Level 1, Protoss Air Armor Level 1  
  195  23:05  Building Armor, Charge, Resonating Glaives, Extended Thermal Lance  
  198  23:12  Adrenal Glands, Ventral Sacs  
  198  23:18  Enduring Locusts  
  198  23:19  Personal Cloaking  
  198  23:25  Psionic Storm  
  198  23:26  Cloaking Field, Metabolic Boost, Neosteel Frame, Glial Reconstitution, Combat Shields, Tunneling Claws, Neural Parasite, Durable Materials, Infernal Pre-Igniter, Corvid Reactor, Centrifical Hooks, Chitinous Plating  
  198  23:34  Burrow, Muscular Augments x2  
  198  23:48  Gravitic Drive, Hi-Sec Auto Tracking, Moebius Reactor, Caduceus Reactor, Pathogen Glands, Graviton Catapult, Observer Gravitic Boosters, Behemoth Reactor  
  198  24:02  Pneumatized Carapace, Weapon Refit, Concussive Shells  
  198  24:43  Overlord  
  198  24:45  Unknown x5  
  198  24:49  Drone x12  
    25:01  Unknown  
    25:03  Drone  
  13  25:17  Overlord  
  13  25:19  Drone  
  14  25:36  Drone x2  
  14  25:39  Drone  
  17  25:48  Extractor  
  17  25:50  Drone  
  17  25:54  Spawning Pool  
  16  26:00  Drone  
  17  26:14  Drone  
  18  26:22  Drone  
  19  26:30  Hatchery  
  18  26:35  Drone  
  19  26:46  Zergling x2  
Show
View Real Time Build Order
Export as new Build Order

电脑难度(困难) Protoss 

Build Orders:  

Get SALT Encoding   

    4:12  Probe x12  
    4:24  Unknown  
    4:25  Probe  
  13  4:37  Probe  
  14  4:45  Pylon  
  14  4:49  Probe  
  15  5:03  Probe  
  16  5:15  Probe  
  17  5:28  Probe  
  18  5:36  Nexus  
  18  5:42  Pylon  
  18  6:08  Nexus  
  18  6:18  Pylon  
  18  6:31  Probe  
  19  6:43  Probe  
  20  6:48  Probe  
  21  6:55  Probe  
  21  6:57  Gateway  
  21  7:00  Probe  
  23  7:07  Probe  
  24  7:12  Probe  
  25  7:20  Probe  
  26  7:26  Assimilator  
  24  7:44  Zealot  
  24  7:48  Assimilator, Probe  
  24  7:50  Gateway  
  27  8:10  Probe  
  27  8:11  Probe  
  29  8:13  Probe  
  30  8:23  Zealot  
  32  8:39  Gateway  
  32  8:53  Cybernetics Core  
  32  9:02  Nexus  
  32  9:29  Gateway  
  30  10:52  Probe  
  30  10:54  Probe  
  33  10:57  Probe  
  33  10:59  Probe  
  34  11:04  Probe  
  34  11:06  Probe  
  34  11:09  Probe  
  37  11:11  Probe  
  39  11:18  Probe  
  39  11:20  Assimilator, Probe  
  41  11:25  Probe  
  41  11:27  Probe  
  41  11:30  Probe  
  43  11:32  Probe  
  43  11:37  Probe  
  45  11:41  Probe  
  45  11:42  Probe  
  45  11:45  Probe  
  47  11:50  Probe  
  48  11:54  Probe  
  49  12:45  Probe  
  49  12:49  Zealot  
  50  12:55  Zealot  
  50  13:30  Stalker  
  50  13:31  Pylon  
  49  13:47  Pylon  
  48  13:50  Pylon  
  48  14:16  Pylon  
  48  14:32  Forge  
  47  15:19  Nexus  
  47  15:22  Robotics Facility  
  47  15:25  Photon Cannon  
  47  15:26  Photon Cannon  
  47  15:45  Nexus  
  47  15:55  Assimilator  
  46  16:10  Assimilator, Warp Prism  
  48  16:24  Stalker  
  50  16:46  Warp Prism  
  52  16:51  Nexus  
  52  17:02  Stalker  
  52  17:06  Stalker  
  55  17:22  Warp Prism  
  56  17:38  Photon Cannon  
  56  17:48  Robotics Facility  
  54  18:01  Zealot  
  54  18:05  Zealot  
  40  18:09  Zealot  
  40  18:11  Probe  
  34  18:12  Probe  
  34  18:14  Zealot  
  36  18:23  Probe  
  36  18:25  Probe  
  37  18:35  Probe  
  37  18:37  Probe  
  39  18:47  Probe  
  39  18:48  Zealot  
  37  18:59  Probe  
  35  19:14  Pylon  
  30  19:40  Probe  
  30  19:50  Zealot  
  20  21:00  Probe  
  20  21:01  Zealot  
  8  21:28  Zealot  
  8  21:55  Zealot  
  2  22:08  Terran Ship Armor Level 3, Zerg Melee Weapons Level 3, Terran Vehicle Armor Level 3, Terran Infantry Weapons Level 3, Zerg Ground Armor Level 3, Zerg Flyer Weapons Level 3, Protoss Ground Weapons Level 3, Terran Vehicle Weapons Level 3, Terran Ship Weapons Level 3, Protoss Air Weapons Level 3, Protoss Air Armor Level 3, Protoss Ground Armor Level 3, Zerg Missile Weapons Level 3, Zerg Flyer Armor Level 3, Terran Infantry Armor Level 3, Protoss Shields Level 3  
  2  22:22  Zealot  
  4  22:29  Protoss Ground Armor Level 2, Terran Infantry Armor Level 2, Zerg Missile Weapons Level 2, Zerg Flyer Weapons Level 2, Terran Vehicle Weapons Level 2, Terran Ship Weapons Level 2, Terran Vehicle Armor Level 2, Protoss Shields Level 2, Terran Infantry Weapons Level 2, Protoss Ground Weapons Level 2, Terran Ship Armor Level 2, Zerg Melee Weapons Level 2, Zerg Flyer Armor Level 2, Protoss Air Armor Level 2, Zerg Ground Armor Level 2, Protoss Air Weapons Level 2  
  2  22:44  Stimpack, Blink  
  4  22:51  Zerg Flyer Armor Level 1, Protoss Ground Armor Level 1, Zerg Missile Weapons Level 1, Protoss Air Weapons Level 1, Protoss Shields Level 1, Zerg Ground Armor Level 1, Terran Infantry Armor Level 1, Terran Infantry Weapons Level 1, Terran Ship Weapons Level 1, Zerg Melee Weapons Level 1, Zerg Flyer Weapons Level 1, Warp Gate, Terran Vehicle Armor Level 1, Protoss Ground Weapons Level 1, Terran Vehicle Weapons Level 1, Terran Ship Armor Level 1, Protoss Air Armor Level 1  
  195  23:05  Building Armor, Charge, Resonating Glaives, Extended Thermal Lance  
  2  23:12  Adrenal Glands, Ventral Sacs  
  2  23:18  Enduring Locusts  
  2  23:19  Personal Cloaking  
  2  23:25  Psionic Storm  
  2  23:26  Cloaking Field, Metabolic Boost, Neosteel Frame, Glial Reconstitution, Combat Shields, Tunneling Claws, Neural Parasite, Durable Materials, Infernal Pre-Igniter, Corvid Reactor, Centrifical Hooks, Chitinous Plating  
  2  23:34  Burrow, Muscular Augments x2  
    23:48  Gravitic Drive, Hi-Sec Auto Tracking, Moebius Reactor, Caduceus Reactor, Pathogen Glands, Graviton Catapult, Observer Gravitic Boosters, Behemoth Reactor  
    24:02  Pneumatized Carapace, Weapon Refit, Concussive Shells  
    24:45  Unknown x5  
    24:49  Probe x12  
    25:01  Unknown  
    25:04  Probe  
  13  25:53  Nexus  
  13  26:11  Pylon  
  13  26:21  Assimilator  
  13  26:34  Gateway  
Tags
 
Add a new tag
Caveats
  • Supply blocks, unpowered buildings, or Contaminate may cause inaccurate times.
  • Supply counts are checked every 10 seconds.